AoeStats
← oldnoob2024

Arena

509309802Analyzed
4v4 RM · 7d ago on Sep 26, 2026· 51m 57s· 8 players
Game mode
Random Map
Map size
Large (8 player)
Population
200
Speed
Normal
Resources
Standard
Victory
Conquest
Starting age
Dark Age
Ending age
Imperial Age
RankedLock teamsTeams togetherTeam positionsShared explorationLock speedFull tech treeHidden civsTurbo modeCheats
Victory
Defeat
🇫🇷 Maya · France
1481
+13
🇦🇪 Britons · United Arab Emirates
1417
+15
🇹🇼 Spanish · Taiwan
1390
+16
🇧🇩 Turks · Bangladesh
1385
+17
1428
-16
🇨🇦 Varangians · Canada
1423
-16
🇻🇪 Mongols · Venezuela
1392
-15
🇲🇽 Celts · Mexico
1375
-14
| ArCas | Cristiano Onagro
6:50 Loom
8:57 Feudal Age
10:26 Double-Bit Axe
11:33 Fletching
14:49 Town Watch
15:10 Horse Collar
23:11 Castle Age
21:37 Stone Mining
23:08 Wheelbarrow
23:13 Gold Mining
25:06 Bodkin Arrow
25:28 Bow Saw
25:48 Heavy Plow
26:04 Scale Mail Armor
26:15 Forging
28:51 Hand Cart
29:37 Arson
29:54 Squires
34:49 Imperial Age
34:58 Padded Archer Armor
34:33 Elite Skirmisher
36:45 Two-Man Saw
36:55 Chemistry
39:18 Crop Rotation
41:14 Stone Shaft Mining
44:17 Leather Archer Armor
45:07 Guilds
48:00 Conscription
Birdlovingasian
10:23 Feudal Age
11:41 Double-Bit Axe
14:32 Castle Age
12:45 Horse Collar
15:37 Bow Saw
20:33 Heavy Plow
23:33 Wheelbarrow
22:44 Loom
24:53 Stone Mining
24:56 Gold Mining
26:41 Scale Barding Armor
29:53 Imperial Age
28:22 Chain Barding Armor
28:12 Treadmill Crane
28:45 Bloodlines
29:08 Husbandry
29:25 Forging
30:46 Iron Casting
30:02 Cavalier
31:23 Conscription
32:31 Two-Man Saw
32:45 Plate Barding Armor
32:45 Vendel Legacy
35:45 Blast Furnace
34:17 Elite Skirmisher
34:48 Fletching
35:50 Padded Archer Armor
36:12 Ballistics
37:05 Bodkin Arrow
37:55 Leather Archer Armor
38:10 Bracer
39:53 Ring Archer Armor
41:03 Hand Cart
40:50 Town Watch
42:47 Light Cavalry
44:38 Stone Shaft Mining
46:42 Hussar
49:13 Masonry
49:16 Capped Ram
oldnoob2024
11:00 Feudal Age
11:08 Loom
12:18 Double-Bit Axe
14:43 Castle Age
13:14 Horse Collar
14:27 Town Watch
16:58 Bow Saw
17:20 Heavy Plow
20:21 Gold Mining
20:47 Fletching
25:10 Wheelbarrow
24:41 Scale Mail Armor
28:04 Hand Cart
33:44 Imperial Age
32:18 Forging
33:02 Chain Mail Armor
33:53 Iron Casting
33:35 Pikeman
34:00 Arson
34:22 Halberdier
37:18 Conscription
38:12 Gold Shaft Mining
37:28 Stone Mining
38:06 Bodkin Arrow
39:37 Plate Mail Armor
43:01 Blast Furnace
43:16 Padded Archer Armor
45:08 Leather Archer Armor
49:12 Ring Archer Armor
48:27 Capped Ram
51:06 Scale Barding Armor
51:30 Guilds
RagnarLothbrok
1:00 Loom
10:37 Feudal Age
14:31 Castle Age
12:46 Double-Bit Axe
13:07 Horse Collar
15:30 Bow Saw
15:57 Heavy Plow
18:17 Loom
19:51 Loom
22:11 Wheelbarrow
23:59 Gold Mining
29:02 Imperial Age
27:49 Ballistics
27:41 Stone Mining
27:48 Fletching
28:17 Padded Archer Armor
29:12 Gold Shaft Mining
29:12 Stone Shaft Mining
28:25 Loom
28:45 Town Watch
29:29 Bloodlines
29:19 Husbandry
29:16 Bodkin Arrow
30:50 Chemistry
30:25 Conscription
30:35 Thumb Ring
31:01 Bracer
31:34 Hand Cart
31:19 Town Patrol
31:08 Capped Ram
32:31 Siege Ram
35:22 Hoardings
34:59 Masonry
35:26 Drill
35:02 Elite Mangudai
35:59 Leather Archer Armor
36:59 Parthian Tactics
38:09 Caravan
39:14 Onager
40:24 Herbal Medicine
40:33 Siege Onager
43:36 Heavy Scorpion
Abadengo
6:29 Loom
10:47 Feudal Age
14:37 Castle Age
12:25 Double-Bit Axe
13:05 Horse Collar
16:08 Bow Saw
21:36 Wheelbarrow
22:13 Heavy Plow
24:47 Hand Cart
24:38 Stone Mining
25:54 Gold Mining
29:39 Imperial Age
27:52 Gold Shaft Mining
28:16 Loom
29:09 Ballistics
28:41 Fletching
28:52 Padded Archer Armor
28:35 Treadmill Crane
28:52 Town Watch
29:43 Coinage
29:49 Squires
29:10 Pikeman
29:51 Bodkin Arrow
30:45 Conscription
29:49 Elite Longbowman
31:02 Leather Archer Armor
30:48 Bracer
32:05 Scale Mail Armor
32:16 Forging
32:54 Yeomen
32:36 Halberdier
34:11 Warwolf
34:56 Chain Mail Armor
35:17 Iron Casting
34:36 Capped Ram
36:20 Arson
38:29 Banking
39:01 Chemistry
40:09 Ring Archer Armor
40:40 Blast Furnace
40:11 Plate Mail Armor
1165498765132
10:29 Feudal Age
14:04 Castle Age
12:08 Double-Bit Axe
12:25 Horse Collar
15:56 Bow Saw
18:57 Loom
21:29 Fervor
23:39 Husbandry
24:42 Forging
26:38 Wheelbarrow
25:47 Light Cavalry
30:10 Imperial Age
27:55 Stone Mining
27:55 Gold Mining
28:26 Scale Barding Armor
30:08 Stone Shaft Mining
29:50 Hand Cart
29:56 Chain Barding Armor
29:50 Bloodlines
31:08 Iron Casting
30:12 Cavalier
31:23 Conscription
32:11 Chemistry
32:46 Plate Barding Armor
34:01 Fletching
34:11 Padded Archer Armor
34:34 Ballistics
34:46 Thumb Ring
34:08 Elite Skirmisher
35:25 Bodkin Arrow
35:46 Leather Archer Armor
36:38 Bracer
36:44 Paladin
37:43 Leather Archer Armor
39:40 Hussar
40:24 Elite Conquistador
43:44 Ring Archer Armor
44:15 Blast Furnace
46:33 Caravan
47:40 Supremacy
Gunslinger
10:55 Feudal Age
11:29 Double-Bit Axe
15:05 Castle Age
16:35 Bow Saw
16:07 Horse Collar
24:30 Wheelbarrow
23:58 Heavy Plow
24:32 Gold Mining
24:33 Stone Mining
26:42 Hand Cart
28:00 Fletching
28:11 Padded Archer Armor
32:41 Imperial Age
32:00 Gold Shaft Mining
32:54 Bodkin Arrow
33:14 Leather Archer Armor
34:28 Two-Man Saw
37:39 Ballistics
37:25 Bracer
37:55 Ring Archer Armor
40:28 Bombard Tower
41:00 Thumb Ring
41:01 Artillery
45:28 Bloodlines
45:19 Husbandry
47:00 Scale Barding Armor
47:06 Forging
BIC
8:42 Feudal Age
9:15 Double-Bit Axe
9:56 Double-Bit Axe
11:17 Fletching
17:07 Horse Collar
18:33 Town Watch
24:12 Castle Age
22:06 Gold Mining
22:44 Scale Mail Armor
23:16 Arson
25:19 Chain Mail Armor
24:26 Eagle Warrior
25:07 Squires
28:15 Loom
28:40 Loom
31:40 Imperial Age
30:59 Fortified Wall
31:21 Masonry
33:02 Wheelbarrow
34:24 Architecture
37:51 Bow Saw
39:03 Elite Eagle Warrior
40:14 Holcans
40:04 Conscription
40:15 Plate Mail Armor
39:56 Forging
42:32 Iron Casting
43:11 Heavy Plow
46:02 Blast Furnace
45:52 Pikeman
48:04 Hand Cart
48:21 Ballistics
49:02 Chemistry
47:58 Bodkin Arrow
49:26 Bracer
49:51 Stone Mining
50:38 Hoardings
50:10 Caravan
51:14 Two-Man Saw
Connection lost

Rejoining the realm…

Still unreachable

The connection could not be restored.

Session expired

The server has moved on; the page needs a fresh start.